[Event "Titled Tuesday Blitz June 13 Late 2023"]
[White "Shuvalova, Polina"]
[Black "Manea, Alexandru"]
[WhiteFideId "24171760"]
[BlackFideId "1207660"]
[WhiteElo "2281"]
[BlackElo "2226"]
[Result "0-1"]
[Round "2"]
[TimeControl "180+2"]
[Date "2023.06.13"]
[WhiteClock "0:00:04"]
[BlackClock "0:00:11"]
[Board "66"]

1. Nf3 d5 2. g3 g6 3. Bg2 Bg7 4. d4 Nf6 5. O-O c6 6. c4 O-O 7. cxd5 cxd5 8. Nc3 Nc6 9. Ne5 Ng4 10. Nxc6 bxc6 11. Bf4 e5 12. dxe5 Nxe5 13. Rc1 Qa5 14. Qa4 Qb6 15. b3 Ba6 16. Qa3 Rfc8 17. Rfd1 h6 18. Rc2 Bf8 19. Qc1 Ng4 20. Rf1 g5 21. Bd2 Qd8 22. h3 Ne5 23. Rd1 d4 24. Be3 c5 25. Na4 Qf6 26. Bxa8 dxe3 27. Qxe3 Rxa8 28. Nxc5 Bg7 29. Nxa6 Qxa6 30. Rcd2 Qe6 31. Rd8+ Rxd8 32. Rxd8+ Kh7 33. g4 Qc6 34. Rd4 Ng6 35. Rc4 Qd6 36. Qe4 Qd1+ 37. Kg2 Qd6 38. Rc6 Qd2 39. Rc2 Qd6 40. e3 Qf6 41. Rc6 Qd8 42. Ra6 Qc7 43. b4 Kg8 44. Qa8+ Kh7 45. Qe4 Kg8 46. Rc6 Nh4+ 47. Kg1 Qd7 48. Rc1 Bf6 49. a3 Kg7 50. Qc2 Qd6 51. Qe2 Qd5 52. e4 Qe5 53. Re1 Qf4 54. Qd1 Nf3+ 55. Kg2 Nxe1+ 56. Qxe1 Be5 57. Qe2 Qh2+ 58. Kf3 Qxh3# 0-1


[Site "https://www.chess.com"]

[Event "Titled Tuesday Blitz June 13 Late 2023"]
[White "Nazari, Arad"]
[Black "Lalanne, Pablo"]
[WhiteFideId "12577324"]
[BlackFideId "112151"]
[WhiteElo "2175"]
[BlackElo "2120"]
[Result "1-0"]
[Round "2"]
[TimeControl "180+2"]
[Date "2023.06.13"]
[WhiteClock "0:00:16"]
[BlackClock "0:00:05"]
[Board "67"]

1. e4 c5 2. Nf3 d6 3. Bb5+ Bd7 4. Bxd7+ Qxd7 5. O-O Nf6 6. Re1 Nc6 7. c3 e6 8. d4 cxd4 9. cxd4 d5 10. e5 Ne4 11. a3 Be7 12. Qd3 O-O 13. Nbd2 Nxd2 14. Bxd2 b5 15. Re3 b4 16. Ne1 bxa3 17. bxa3 f5 18. exf6 Bxf6 19. Nf3 Rae8 20. Rae1 Qd6 21. Ne5 Bxe5 22. dxe5 Qd7 23. Rh3 g6 24. Bg5 Rb8 25. Bf6 Na5 26. Rg3 Kf7 27. h4 Rb3 28. Qd2 Rxg3 29. fxg3 Nc4 30. Qh6 Kg8 31. h5 Qf7 32. a4 Nd6 33. hxg6 Qxg6 34. Qxg6+ hxg6 35. Be7 Nc4 36. Bxf8 Kxf8 37. g4 g5 38. Rb1 Nxe5 39. Rb8+ Ke7 40. Rb7+ Kd6 41. Rxa7 Nxg4 42. Rg7 Nf6 43. Rxg5 Ne4 44. Rg7 d4 45. a5 Nc5 46. Kf2 e5 47. g4 e4 48. g5 Nd3+ 49. Ke2 Nf4+ 50. Kd1 e3 51. a6 d3 52. Rb7 e2+ 53. Kd2 Ng2 54. Rb1 e1=Q+ 55. Rxe1 Nxe1 56. Kxe1 Kc6 57. g6 1-0


[Site "https://www.chess.com"]

[Event "Titled Tuesday Blitz June 13 Late 2023"]
[White "Gasparyan, David"]
[Black "Tejedor Fuente, Enrique"]
[WhiteFideId "13311980"]
[BlackFideId "2299100"]
[WhiteElo "2435"]
[BlackElo "2496"]
[Result "1/2-1/2"]
[Round "2"]
[TimeControl "180+2"]
[Date "2023.06.13"]
[WhiteClock "0:00:03"]
[BlackClock "0:00:03"]
[Board "68"]

1. Nf3 d6 2. d4 g6 3. g3 Bg7 4. Bg2 Nf6 5. O-O O-O 6. Nc3 a6 7. e4 Nc6 8. Re1 e5 9. dxe5 Nxe5 10. Nxe5 dxe5 11. h3 Be6 12. Be3 Nd7 13. Qd2 c6 14. Rad1 Re8 15. Na4 Bf8 16. b4 b5 17. Nb2 Qc7 18. a4 Nb6 19. Ra1 Red8 20. Qc3 Nc4 21. Nd3 Nxe3 22. Rxe3 Rd4 23. axb5 Rc4 24. Qxe5 cxb5 25. Qxc7 Rxc7 26. e5 Raa7 27. Re2 g5 28. f4 h6 29. Rb1 a5 30. bxa5 Rxa5 31. Rb2 Ra1+ 32. Kh2 Be7 33. Rxb5 Kg7 34. g4 gxf4 35. Nxf4 Bc4 36. Nh5+ Kg6 37. Be4+ Kg5 38. Kg3 Rg1+ 39. Rg2 Rxg2+ 40. Bxg2 Bxb5 41. h4+ Kg6 42. Be4+ f5 43. exf6+ Kf7 44. Bd5+ Kf8 45. fxe7+ Kxe7 46. Be4 Bc6 47. Bd3 Ba4 48. Nf4 Rc5 49. c4 Bb3 50. Nd5+ Kf7 51. Ne3 Ra5 52. Kf4 Ra1 53. Be4 Rc1 54. Nf5 Rf1+ 55. Ke5 h5 56. Ng3 Rg1 57. Nxh5 Rxg4 58. Nf4 Rxh4 59. Bd5+ Ke8 60. c5 Bxd5 61. Nxd5 Rh5+ 62. Kd6 Rh6+ 63. Kc7 Rh7+ 64. Kb6 Kd8 65. c6 Rh6 66. Kb7 Rxc6 67. Kxc6 1/2-1/2


[Site "https://www.chess.com"]

[Event "Titled Tuesday Blitz June 13 Late 2023"]
[White "Zwirs, Nico"]
[Black "Gil Alba, Hector Luis"]
[WhiteFideId "1036432"]
[BlackFideId "3504670"]
[WhiteElo "2381"]
[BlackElo "2331"]
[Result "1-0"]
[Round "2"]
[TimeControl "180+2"]
[Date "2023.06.13"]
[WhiteClock "0:00:10"]
[BlackClock "0:00:00"]
[Board "69"]

1. e4 c5 2. Nf3 Nc6 3. d4 cxd4 4. Nxd4 e5 5. Nb5 d6 6. c4 a6 7. N5c3 Be7 8. Be2 Bg5 9. O-O Bxc1 10. Qxc1 Nf6 11. Na3 Nd4 12. Qd2 Qb6 13. Rfd1 Be6 14. Rab1 O-O 15. Nc2 Nxe2+ 16. Qxe2 Qc6 17. b3 Rac8 18. Nb4 Qb6 19. Nbd5 Nxd5 20. Nxd5 Bxd5 21. Rxd5 f5 22. exf5 Rxf5 23. Rbd1 Rcf8 24. Rf1 Rf4 25. Qd2 R8f6 26. g3 Rf3 27. Kg2 h6 28. Qe2 R3f5 29. f3 Qc6 30. a4 Qb6 31. Rd3 e4 32. Qxe4 Re5 33. Qg4 Re2+ 34. Kh3 Kh7 35. f4 Rf2 36. Rxf2 Qxf2 37. Qf3 Qe1 38. Rd1 Qe6+ 39. Kg2 b6 40. Rd2 Qe1 41. Rd1 Qe7 42. Qd3+ Kh8 43. Rd2 Re6 44. Qf3 Re3 45. Qa8+ Kh7 46. Qd5 Rxb3 47. c5 Re3 48. cxd6 Re2+ 49. Rxe2 Qxe2+ 50. Kg1 Qe1+ 51. Kg2 Qe2+ 52. Kh3 Qf1+ 53. Kh4 Qe1 54. Qd3+ g6 55. d7 Qe7+ 56. Kh3 Qe6+ 57. Kg2 Qa2+ 58. Kh3 Qe6+ 59. f5 1-0


[Site "https://www.chess.com"]

[Event "Titled Tuesday Blitz June 13 Late 2023"]
[White "Buchenau, Frank"]
[Black "Khoroshev, Nikita"]
[WhiteFideId "4604350"]
[BlackFideId "14200287"]
[WhiteElo "2157"]
[BlackElo "2354"]
[Result "1-0"]
[Round "2"]
[TimeControl "180+2"]
[Date "2023.06.13"]
[WhiteClock "0:02:40"]
[BlackClock "0:00:00"]
[Board "70"]

1. e4 d5 2. exd5 Nf6 3. Nf3 Nxd5 4. d4 Bf5 5. Bd3 Bxd3 6. Qxd3 c6 7. O-O e6 8. c4 Nf6 9. Nc3 Be7 10. Re1 O-O 11. Bf4 Nbd7 12. Rad1 Re8 13. d5 exd5 14. cxd5 cxd5 15. Nxd5 Nxd5 16. Qxd5 Nf6 17. Qxb7 1-0


[Site "https://www.chess.com"]

[Event "Titled Tuesday Blitz June 13 Late 2023"]
[White "Myers, Dominique"]
[Black "Papasimakopoulos, Alexandros"]
[WhiteFideId "2041715"]
[BlackFideId "4244125"]
[WhiteElo "1951"]
[BlackElo "2359"]
[Result "0-1"]
[Round "2"]
[TimeControl "180+2"]
[Date "2023.06.13"]
[WhiteClock "0:00:29"]
[BlackClock "0:00:22"]
[Board "71"]

1. e4 e6 2. d4 d5 3. e5 Bd7 4. Nf3 a6 5. Nbd2 c5 6. c4 dxc4 7. Nxc4 cxd4 8. Qxd4 Nc6 9. Qg4 h5 10. Qg3 Bb4+ 11. Bd2 Kf8 12. O-O-O Bxd2+ 13. Rxd2 Qe7 14. Kb1 Nh6 15. Ng5 Nf5 16. Qf4 Nb4 17. a3 Nd5 18. Rxd5 exd5 19. Nb6 Re8 20. Bd3 Nh6 21. Rc1 Bc6 22. Bxa6 g6 23. Nf3 Kg7 24. Bd3 Ng4 25. Re1 Nxf2 26. Bc2 Ne4 27. h3 h4 28. Bxe4 dxe4 29. Ng5 Rh5 30. Nxe4 Qxe5 31. Qxe5+ Rhxe5 0-1


[Site "https://www.chess.com"]

[Event "Titled Tuesday Blitz June 13 Late 2023"]
[White "Oro, Faustino"]
[Black "Carrasco Miranda, Andres"]
[WhiteFideId "20000197"]
[BlackFideId "3405990"]
[WhiteElo "1984"]
[BlackElo "2183"]
[Result "1/2-1/2"]
[Round "2"]
[TimeControl "180+2"]
[Date "2023.06.13"]
[WhiteClock "0:00:04"]
[BlackClock "0:00:07"]
[Board "72"]

1. Nf3 Nf6 2. b3 g6 3. Bb2 Bg7 4. g3 O-O 5. Bg2 d5 6. O-O c5 7. e3 Nc6 8. d4 cxd4 9. Nxd4 Re8 10. c4 Nxd4 11. exd4 Bf5 12. Nc3 Rc8 13. Nxd5 Nxd5 14. Bxd5 Bh3 15. Re1 b5 16. Rc1 e6 17. Bf3 bxc4 18. bxc4 Qa5 19. c5 Qxa2 20. Bc3 Qa3 21. Qd2 Red8 22. Ra1 Qb3 23. Reb1 Qc4 24. Rb4 Qxc5 25. dxc5 Rxd2 26. Bxd2 Bxa1 27. c6 Be5 28. Ra4 Rd8 29. Be3 g5 30. Bxg5 Rd3 31. Be3 Rb3 32. Rc4 Bc3 33. Bc1 Be5 34. c7 Bxc7 35. Rxc7 Rxf3 36. Bb2 f6 37. Rxa7 e5 38. Rb7 Rd3 39. f4 Rd2 40. fxe5 Rg2+ 41. Kh1 Re2 42. Bc3 fxe5 43. Rb1 e4 44. Re1 Bg4 45. Rxe2 Bxe2 46. Kg1 Bf3 47. Kf2 Kf7 48. Ke3 Kg6 49. Kf4 h5 50. h3 Bg2 51. h4 Bf3 52. Bd4 Bg2 53. Ke3 Bf3 54. Kf2 Bh1 55. Be3 Bf3 56. Bf4 Kf5 57. Ke3 Kg4 58. Kf2 1/2-1/2


[Site "https://www.chess.com"]

[Event "Titled Tuesday Blitz June 13 Late 2023"]
[White "Maatman, Nick"]
[Black "Prydun, Andriy"]
[WhiteFideId "1040391"]
[BlackFideId "14145898"]
[WhiteElo "2717"]
[BlackElo "2164"]
[Result "0-1"]
[Round "2"]
[TimeControl "180+2"]
[Date "2023.06.13"]
[WhiteClock "0:00:00"]
[BlackClock "0:00:10"]
[Board "73"]

1. d4 d5 2. c4 e6 3. g3 Nf6 4. Bg2 Be7 5. Nf3 O-O 6. O-O Nbd7 7. Qc2 c6 8. b3 b6 9. Bb2 Bb7 10. Nbd2 c5 11. dxc5 Nxc5 12. Rad1 Rc8 13. Qb1 Nfd7 14. Nd4 dxc4 15. Bxb7 Nxb7 16. Nxc4 a6 17. Qe4 Nbc5 18. Qf3 b5 19. Ne3 Qb6 20. h4 a5 21. h5 h6 22. Ng4 Nf6 23. Qf4 Nxh5 24. Nxh6+ Kh7 25. Qf3 Kxh6 26. Kg2 Qb7 27. Rh1 Kg6 28. Qxb7 Nxb7 29. Nxb5 Rfd8 30. Bd4 Rc2 31. Bb6 Rxd1 32. Rxd1 Bc5 33. Bc7 Rxe2 34. a4 Rxf2+ 35. Kh3 Nf6 0-1


[Site "https://www.chess.com"]

[Event "Titled Tuesday Blitz June 13 Late 2023"]
[White "Kabilov, Amin"]
[Black "Rosen, Eric"]
[WhiteFideId "14700859"]
[BlackFideId "2032562"]
[WhiteElo "2110"]
[BlackElo "2331"]
[Result "1-0"]
[Round "2"]
[TimeControl "180+2"]
[Date "2023.06.13"]
[WhiteClock "0:00:20"]
[BlackClock "0:00:00"]
[Board "74"]

1. d4 d5 2. c4 e6 3. Nc3 Nf6 4. Bg5 c6 5. e3 Nbd7 6. Nf3 Qa5 7. Nd2 Bb4 8. Qc2 e5 9. Bxf6 Nxf6 10. dxe5 Ne4 11. Ndxe4 dxe4 12. Rc1 Qxa2 13. Be2 Bf5 14. O-O Qa5 15. Nxe4 Qxe5 16. Bd3 O-O 17. Nf6+ Qxf6 18. Bxf5 g6 19. Be4 Bd6 20. g3 Rfe8 21. Bg2 h5 22. h4 Rad8 23. Rfd1 Be5 24. b4 Qe7 25. b5 Qc7 26. bxc6 bxc6 27. Rxd8 Rxd8 28. Qe4 Rc8 29. c5 a5 30. Rd1 Bc3 31. Bh3 f5 32. Qc4+ Qf7 33. Qxc3 Ra8 34. Bg2 a4 35. Bxc6 Rc8 36. Bd5 a3 37. Bxf7+ Kxf7 38. Qxa3 f4 39. Qb3+ Kg7 40. exf4 Rc7 41. Rd6 g5 42. Qc3+ Kg8 43. fxg5 Rf7 44. Qc4 Kg7 45. Rf6 Kh8 46. Rxf7 Kg8 47. Rc7+ 1-0


[Site "https://www.chess.com"]

[Event "Titled Tuesday Blitz June 13 Late 2023"]
[White "Makridis, Dimitrios"]
[Black "Topalov, Aleksandar"]
[WhiteFideId "25864475"]
[BlackFideId "925659"]
[WhiteElo "2277"]
[BlackElo "2151"]
[Result "1-0"]
[Round "2"]
[TimeControl "180+2"]
[Date "2023.06.13"]
[WhiteClock "0:00:37"]
[BlackClock "0:00:13"]
[Board "75"]

1. e4 e6 2. d4 d5 3. Nc3 Bb4 4. e5 Qd7 5. Qg4 Bf8 6. Nf3 b6 7. Bb5 c6 8. Ba4 Ba6 9. Ne2 Bb5 10. Bb3 Bc4 11. Bxc4 dxc4 12. c3 Na6 13. O-O Nc7 14. Nf4 Nd5 15. Re1 g6 16. h4 h5 17. Qg3 Nh6 18. Nxd5 cxd5 19. Ng5 Nf5 20. Qf4 Bh6 21. g3 Qe7 22. Qf3 Kf8 23. Nh3 Bxc1 24. Raxc1 Kg7 25. Nf4 b5 26. b3 cxb3 27. axb3 a5 28. c4 dxc4 29. d5 Nd4 30. Qe4 Nxb3 31. dxe6 Nc5 32. Qf3 Raf8 33. exf7 Rxf7 34. Qc6 Rxf4 35. gxf4 Nd3 36. Qxb5 Qxh4 37. Qxc4 Qxf2+ 38. Kh1 Nxe1 39. Qc6 Nf3 40. Qf6+ Kh6 41. Qxh8# 1-0


[Site "https://www.chess.com"]

[Event "Titled Tuesday Blitz June 13 Late 2023"]
[White "FuenfgegenWilly"]
[Black "Rastbod, Ali"]
[BlackFideId "12567477"]
[WhiteElo "2385"]
[BlackElo "2281"]
[Result "1-0"]
[Round "2"]
[TimeControl "180+2"]
[Date "2023.06.13"]
[WhiteClock "0:00:14"]
[BlackClock "0:00:01"]
[Board "76"]

1. d4 d5 2. c4 e6 3. Nc3 a6 4. Nf3 dxc4 5. a4 Bb4 6. Bg5 Nf6 7. e3 Qd5 8. Bxf6 gxf6 9. Nd2 Qa5 10. Qc1 Rg8 11. Nxc4 Qf5 12. g3 Qf3 13. Rg1 Qh5 14. h4 Bd7 15. Be2 Qf5 16. Qd2 Nc6 17. Bd3 Qh5 18. Be2 Qh6 19. Bf3 O-O-O 20. O-O-O Ne7 21. Qc2 Bc6 22. Bxc6 Nxc6 23. Ne4 f5 24. Ng5 Qg6 25. Nf3 f6 26. Kb1 Kb8 27. Ne1 e5 28. d5 Ne7 29. Qb3 Bc5 30. Nd3 Ba7 31. Nb4 Ka8 32. Ka2 Nc8 33. h5 Qxh5 34. d6 Nxd6 35. Nxd6 cxd6 36. Rxd6 Rxd6 37. Qxg8+ Bb8 38. Rc1 Qg6 39. Qf8 Rb6 40. Rc8 Rxb4 41. Rxb8+ Ka7 42. Ra8+ Kb6 43. Qd8+ Kc5 44. Rc8# 1-0


[Site "https://www.chess.com"]

[Event "Titled Tuesday Blitz June 13 Late 2023"]
[White "Fisher_TheGalactic"]
[Black "Castella Garcia, Fausto"]
[BlackFideId "3501922"]
[WhiteElo "2709"]
[BlackElo "2245"]
[Result "1-0"]
[Round "2"]
[TimeControl "180+2"]
[Date "2023.06.13"]
[WhiteClock "0:02:05"]
[BlackClock "0:00:35"]
[Board "77"]

1. Nf3 c5 2. g3 g6 3. Bg2 Bg7 4. O-O Nf6 5. d3 d5 6. Nbd2 Nc6 7. e4 O-O 8. c3 dxe4 9. dxe4 Qc7 10. Qe2 b6 11. Rd1 Ng4 12. h3 Nge5 13. Nxe5 Nxe5 14. f4 Nd7 15. e5 Bb7 16. Ne4 Rad8 17. e6 fxe6 18. Ng5 Bxg2 19. Nxe6 Qb7 20. Qxg2 1-0


[Site "https://www.chess.com"]

[Event "Titled Tuesday Blitz June 13 Late 2023"]
[White "Pakleza, Zbigniew"]
[Black "Yolosz"]
[WhiteFideId "1119290"]
[WhiteElo "2410"]
[BlackElo "2380"]
[Result "1-0"]
[Round "2"]
[TimeControl "180+2"]
[Date "2023.06.13"]
[WhiteClock "0:00:07"]
[BlackClock "0:00:00"]
[Board "78"]

1. d4 Nf6 2. Nf3 e6 3. Bf4 d5 4. e3 Bd6 5. Bg3 b6 6. Nbd2 Bb7 7. Ne5 O-O 8. c3 c6 9. Bd3 Qe7 10. f4 Nbd7 11. Bh4 Rfc8 12. O-O Qf8 13. Qf3 c5 14. g4 Rc7 15. Rae1 Rac8 16. Re2 Ne8 17. Qh3 g6 18. Bg3 f5 19. gxf5 exf5 20. Rg2 Nef6 21. Bh4 Ne4 22. Ndf3 Bxe5 23. fxe5 Qe8 24. Qxf5 Nf8 25. Qh3 Rf7 26. Bxe4 dxe4 27. Ng5 Rxf1+ 28. Kxf1 Ne6 29. Qxe6+ Qxe6 30. Nxe6 Re8 31. Nf4 cxd4 32. exd4 Rf8 33. Bg5 Kg7 34. Ke1 h6 35. Bf6+ Kf7 36. Nxg6 Rg8 37. Nh8+ Kf8 38. Be7+ Kxe7 39. Rxg8 1-0


[Site "https://www.chess.com"]

[Event "Titled Tuesday Blitz June 13 Late 2023"]
[White "Silva, Pedro Gil Ferreira Da"]
[Black "Martinez Ramirez, Lennis"]
[WhiteFideId "1946102"]
[BlackFideId "3509079"]
[WhiteElo "2255"]
[BlackElo "2410"]
[Result "0-1"]
[Round "2"]
[TimeControl "180+2"]
[Date "2023.06.13"]
[WhiteClock "0:00:03"]
[BlackClock "0:00:54"]
[Board "79"]

1. e4 c5 2. Nf3 Nc6 3. Bb5 g6 4. O-O Bg7 5. c3 Nf6 6. d4 cxd4 7. cxd4 d5 8. e5 Ne4 9. Nbd2 Qb6 10. Qb3 O-O 11. Bxc6 bxc6 12. Nxe4 dxe4 13. Qxb6 axb6 14. Nd2 Ra4 15. Nb3 Be6 16. Be3 f5 17. exf6 exf6 18. Rfc1 Rfa8 19. Nd2 Bd5 20. a3 f5 21. h4 Bxd4 22. Rc2 b5 23. Rd1 Be5 24. Rdc1 f4 25. Bc5 Kf7 26. Nf1 h6 27. Rd2 g5 28. hxg5 hxg5 29. g3 Rh8 30. gxf4 gxf4 31. Nh2 e3 32. fxe3 fxe3 33. Bxe3 Rah4 34. Rf1+ Ke6 35. Rff2 Rg8+ 36. Kf1 Bc4+ 37. Ke1 Rg1+ 38. Nf1 Rhh1 0-1


[Site "https://www.chess.com"]

[Event "Titled Tuesday Blitz June 13 Late 2023"]
[White "Wieczorek, Oskar"]
[Black "Avalos Parra, Joao"]
[WhiteFideId "1133950"]
[BlackFideId "3402541"]
[WhiteElo "2418"]
[BlackElo "2173"]
[Result "1-0"]
[Round "2"]
[TimeControl "180+2"]
[Date "2023.06.13"]
[WhiteClock "0:00:50"]
[BlackClock "0:00:10"]
[Board "80"]

1. b3 e5 2. Bb2 Nc6 3. e3 d5 4. Bb5 Bd6 5. f4 f6 6. Qh5+ g6 7. Qh4 exf4 8. exf4 Bd7 9. Nc3 Qe7+ 10. Nge2 d4 11. Nd5 Qe6 12. Bc4 Qf5 13. O-O-O O-O-O 14. Ng3 Qg4 15. Qxg4 Bxg4 16. Rde1 Nge7 17. Nxf6 Bf5 18. Nxf5 Nxf5 19. g3 a6 20. a3 Kb8 21. Ne4 Bf8 22. Ng5 Bg7 23. Nf7 Rhf8 24. Nxd8 Rxd8 25. Bd3 Nd6 26. Rhf1 b5 27. g4 Bf6 28. g5 Bg7 29. f5 gxf5 30. Bxf5 Kb7 31. h4 Rf8 32. Bxh7 Rh8 33. g6 a5 34. h5 a4 35. bxa4 bxa4 36. Re6 Nc4 37. Rf7 Bh6 38. g7 Bxd2+ 39. Kd1 Rxh7 40. g8=Q Rxh5 41. Qg2 Rg5 42. Qxc6+ 1-0


[Site "https://www.chess.com"]

[Event "Titled Tuesday Blitz June 13 Late 2023"]
[White "Timerkhanov, Alexander"]
[Black "arenal72"]
[WhiteFideId "24177938"]
[WhiteElo "2278"]
[BlackElo "2371"]
[Result "1-0"]
[Round "2"]
[TimeControl "180+2"]
[Date "2023.06.13"]
[WhiteClock "0:00:58"]
[BlackClock "0:00:55"]
[Board "81"]

1. d4 Nf6 2. Bg5 d5 3. Nd2 c5 4. dxc5 e6 5. b4 a5 6. a3 h6 7. Bh4 Nc6 8. c3 d4 9. cxd4 axb4 10. axb4 Rxa1 11. Qxa1 Nxb4 12. Qa4+ Nc6 13. e3 Bd7 14. Bb5 g5 15. Bg3 h5 16. h4 g4 17. Nc4 Ne4 18. Ne2 Be7 19. Qc2 f5 20. Nb6 Nb4 21. Bxd7+ Qxd7 22. Qc4 Qd8 23. Qxb4 O-O 24. Be5 Bxh4 25. g3 Bf6 26. Bxf6 Qxf6 27. Nd7 Qf7 28. Nxf8 Qxf8 29. Qxb7 e5 30. Rxh5 Nf6 31. Rg5+ Kh8 1-0


[Site "https://www.chess.com"]

[Event "Titled Tuesday Blitz June 13 Late 2023"]
[White "kiwibobo"]
[Black "benny_aizenberg"]
[WhiteElo "2295"]
[BlackElo "2693"]
[Result "1-0"]
[Round "2"]
[TimeControl "180+2"]
[Date "2023.06.13"]
[WhiteClock "0:01:04"]
[BlackClock "0:00:15"]
[Board "82"]

1. e4 c5 2. Nf3 d6 3. d4 cxd4 4. Nxd4 Nf6 5. Nc3 Nc6 6. Be2 e5 7. Nf3 Be7 8. Bg5 O-O 9. O-O Be6 10. Bxf6 Bxf6 11. Nd5 Be7 12. c3 Rc8 13. Qd3 f5 14. Rad1 Kh8 15. Nxe7 fxe4 16. Nxc6 exd3 17. Nxd8 dxe2 18. Nxe6 Rf6 19. Rxd6 exf1=R+ 20. Kxf1 Re8 21. Neg5 e4 22. Nxe4 Rxd6 23. Nxd6 Re7 24. Nd4 g6 25. g3 Kg8 26. h4 Kf8 27. Kg2 Rd7 28. Nc4 Ke7 29. Kf3 Rc7 30. Ne3 Rc5 31. Ke4 Kd6 32. a4 a6 33. g4 Re5+ 34. Kd3 Kc5 35. b4+ Kd6 36. Nc4+ Kd5 37. Nxe5 Kxe5 38. b5 Kf4 39. bxa6 bxa6 40. f3 Kg3 41. c4 Kxh4 42. c5 Kg3 43. c6 h5 44. gxh5 gxh5 45. c7 h4 46. Nf5+ Kf2 47. Nxh4 a5 48. c8=Q Ke1 49. Qe6+ Kf2 50. Qe2+ Kg3 51. Qg2+ Kf4 52. Qg4+ Ke5 53. Qf5+ Kd6 54. Kd4 Ke7 55. Ng6+ Ke8 56. Qe6+ Kd8 57. Kd5 Kc7 58. Qe7+ Kb6 59. Qd6+ Kb7 60. Kc5 Ka7 61. Kc6 Ka6 62. Qd3+ Ka7 63. Qd4+ Ka8 64. Qb2 Ka7 65. Qb7# 1-0


[Site "https://www.chess.com"]

[Event "Titled Tuesday Blitz June 13 Late 2023"]
[White "Vaglio Munoz, Jaime"]
[Black "Katz, Alexander"]
[WhiteFideId "6500145"]
[BlackFideId "2039796"]
[WhiteElo "2199"]
[BlackElo "2389"]
[Result "1-0"]
[Round "2"]
[TimeControl "180+2"]
[Date "2023.06.13"]
[WhiteClock "0:00:20"]
[BlackClock "0:00:05"]
[Board "83"]

1. Nf3 d5 2. g3 Nf6 3. Bg2 Bf5 4. O-O e6 5. d3 Nbd7 6. Nc3 Be7 7. Nd2 O-O 8. e4 dxe4 9. dxe4 Bg6 10. Qe2 e5 11. Nc4 c6 12. a4 Qc7 13. Ne3 Nc5 14. Nf5 Rfd8 15. Nxe7+ Qxe7 16. f3 Ne6 17. Be3 Nd4 18. Qf2 Qb4 19. Nd1 Qc4 20. c3 Nb3 21. Ra3 Nd7 22. Re1 Qe6 23. Bf1 f6 24. Bxa7 c5 25. Ne3 Na5 26. b4 cxb4 27. cxb4 Rxa7 28. bxa5 Bf7 29. Rd1 Rxa5 30. Bc4 Qe7 31. Rad3 Raa8 32. Nf5 Qb4 33. Bxf7+ Kxf7 34. Rxd7+ Rxd7 35. Rxd7+ Kf8 36. Qa2 Qe1+ 37. Kg2 1-0


[Site "https://www.chess.com"]

[Event "Titled Tuesday Blitz June 13 Late 2023"]
[White "Bellahcene, Bilel"]
[Black "Klinova, Masha"]
[WhiteFideId "696358"]
[BlackFideId "2802015"]
[WhiteElo "2552"]
[BlackElo "2241"]
[Result "0-1"]
[Round "2"]
[TimeControl "180+2"]
[Date "2023.06.13"]
[WhiteClock "0:00:10"]
[BlackClock "0:01:27"]
[Board "84"]

1. d4 d6 2. c4 e5 3. Nf3 e4 4. Nfd2 f5 5. e3 Nf6 6. Nc3 g6 7. Be2 Bg7 8. b4 O-O 9. a4 Be6 10. Ba3 c6 11. Qb3 d5 12. c5 a6 13. b5 axb5 14. axb5 f4 15. Nd1 Nbd7 16. b6 fxe3 17. Nxe3 Nh5 18. Bxh5 gxh5 19. Bb2 Rxa1+ 20. Bxa1 Nf6 21. h3 Qe8 22. Bc3 Qg6 23. g3 h4 24. g4 h5 25. g5 Qxg5 26. Qa4 Qf4 27. Ndf1 Ng4 28. Qc2 Nxf2 29. Rh2 Nxh3 30. Qg2 Ng5 31. Kd1 h3 32. Qe2 Nf3 33. Rf2 Bg4 34. Kc1 Nxd4 0-1


[Site "https://www.chess.com"]

[Event "Titled Tuesday Blitz June 13 Late 2023"]
[White "campochess"]
[Black "Martins, Bruno Andre Leite"]
[BlackFideId "1942255"]
[WhiteElo "2219"]
[BlackElo "2241"]
[Result "0-1"]
[Round "2"]
[TimeControl "180+2"]
[Date "2023.06.13"]
[WhiteClock "0:00:30"]
[BlackClock "0:00:32"]
[Board "85"]

1. Nf3 Nf6 2. b3 g6 3. Bb2 Bg7 4. e4 O-O 5. e5 Nd5 6. Nc3 Nxc3 7. Bxc3 d6 8. d4 dxe5 9. dxe5 Bg4 10. Qxd8 Rxd8 11. Be2 Nc6 12. O-O Rab8 13. Rad1 Bf5 14. Bd3 Bxd3 15. Rxd3 Rxd3 16. cxd3 Rd8 17. Rd1 Rd5 18. g3 Nxe5 19. Bxe5 Bxe5 20. Re1 Bf6 21. d4 e6 22. Re4 a5 23. g4 h6 24. h4 Kf8 25. Kg2 Ke7 26. Kg3 a4 27. Kf4 axb3 28. axb3 Rb5 29. Re3 Rb4 30. Ke4 c5 31. Rd3 Bxd4 32. Nxd4 cxd4 33. f4 f5+ 34. gxf5 gxf5+ 35. Ke5 Rb5+ 36. Kxd4 Rd5+ 37. Ke3 Rxd3+ 38. Kxd3 Kd6 39. Kd4 h5 0-1


[Site "https://www.chess.com"]

[Event "Titled Tuesday Blitz June 13 Late 2023"]
[White "Elaisaz"]
[Black "Gokerkan, Cem Kaan"]
[BlackFideId "6336760"]
[WhiteElo "2198"]
[BlackElo "2365"]
[Result "0-1"]
[Round "2"]
[TimeControl "180+2"]
[Date "2023.06.13"]
[WhiteClock "0:00:00"]
[BlackClock "0:00:07"]
[Board "86"]

1. d4 Nf6 2. Bf4 d5 3. e3 Bf5 4. Bd3 e6 5. c3 Bd6 6. Bxd6 cxd6 7. Bxf5 exf5 8. Nf3 O-O 9. O-O g6 10. Nfd2 Nbd7 11. c4 Rc8 12. Qb3 Nb6 13. cxd5 Nfxd5 14. Nc3 Nxc3 15. bxc3 Qc7 16. c4 Nxc4 17. Nxc4 Qxc4 18. Qxb7 a5 19. Qb6 Qd5 20. h3 Rb8 21. Qa6 Rb2 22. a4 Rfb8 23. Rac1 f4 24. Qc6 Qg5 25. Qf3 fxe3 26. fxe3 Qe7 27. Kh1 Ra2 28. Qc6 Rbb2 29. Rg1 Qxe3 30. Qxd6 Rc2 31. Rxc2 Rxc2 32. Qd8+ Kg7 33. Qxa5 Qxd4 34. Qb5 Ra2 35. a5 Qe4 36. a6 h5 37. Qb6 Kh7 38. Qc7 Qd5 39. Qb6 Ra3 40. Qc7 Rxh3+ 41. Qh2 Rxh2+ 42. Kxh2 Qd6+ 43. g3 Qxa6 0-1


[Site "https://www.chess.com"]

[Event "Titled Tuesday Blitz June 13 Late 2023"]
[White "Kornyukov, Alexey"]
[Black "Arabidze, Meri"]
[WhiteFideId "4150457"]
[BlackFideId "13604040"]
[WhiteElo "2352"]
[BlackElo "2405"]
[Result "0-1"]
[Round "2"]
[TimeControl "180+2"]
[Date "2023.06.13"]
[WhiteClock "0:00:10"]
[BlackClock "0:01:31"]
[Board "87"]

1. d4 Nf6 2. c4 e6 3. Nc3 Bb4 4. f3 d5 5. a3 Bxc3+ 6. bxc3 c6 7. e3 O-O 8. cxd5 exd5 9. Bd3 Re8 10. Ne2 b6 11. O-O Ba6 12. Bxa6 Nxa6 13. Qd3 Nc7 14. Ng3 h5 15. e4 h4 16. Nf5 dxe4 17. fxe4 Nxe4 18. Bh6 g6 19. Rae1 gxf5 20. Rxf5 Nc5 21. Rxe8+ Nxe8 22. Rg5+ Qxg5 23. dxc5 Qxh6 0-1


[Site "https://www.chess.com"]

[Event "Titled Tuesday Blitz June 13 Late 2023"]
[White "Sun, Rick"]
[Black "zano2023"]
[WhiteFideId "30909481"]
[WhiteElo "2169"]
[BlackElo "2096"]
[Result "1-0"]
[Round "2"]
[TimeControl "180+2"]
[Date "2023.06.13"]
[WhiteClock "0:00:18"]
[BlackClock "0:00:07"]
[Board "88"]

1. e4 e5 2. Nf3 d6 3. d4 f5 4. dxe5 fxe4 5. Ng5 d5 6. Nc3 Bb4 7. Bd2 Ne7 8. Ncxe4 Bxd2+ 9. Nxd2 O-O 10. Bd3 h6 11. Ngf3 c5 12. c3 Nbc6 13. O-O Bg4 14. Re1 Qd7 15. Qc2 Qe6 16. a3 Rf4 17. b4 c4 18. Be2 Raf8 19. Nf1 Bf5 20. Qd2 Be4 21. Ng3 Nxe5 22. Nxe5 Qxe5 23. f3 Bg6 24. Bxc4 Qd6 25. Bb3 Kh7 26. Rad1 h5 27. Bxd5 Nxd5 28. Qxd5 Qxd5 29. Rxd5 h4 30. Ne4 Bxe4 31. Rxe4 Rxe4 32. fxe4 Re8 33. Rd4 Re5 34. Kf2 g5 35. Ke3 Kg6 36. c4 b5 37. Rd5 Re6 38. c5 Ra6 39. Rd6+ Rxd6 40. cxd6 Kf6 41. e5+ Ke6 42. Kf3 1-0


[Site "https://www.chess.com"]